 Dungeon Crawl Stone Soup version 0.32-a0-484-g2eb335deba (webtiles) character file.

Game seed: 15757383973978085319

89683 Alarak the Warrior (level 16, -6/141 HPs)
             Began as a Formicid Fighter on Feb 26, 2024.
             Was the Champion of Cheibriados.
             Killed from afar by a kobold blastminer (40 damage)
             ... with an iron shot
             ... on level 2 of the Orcish Mines.
             The game lasted 02:12:33 (20432 turns).

Alarak the Warrior (Formicid Fighter)              Turns: 20432, Time: 02:12:33

Health: -6/141     AC: 22    Str: 44    XL:     16   Next: 44%
Magic:  28/28      EV: 13    Int: 23    God:    Cheibriados [******]
Gold:   1905       SH: 23    Dex: 28    Spells: 15/15 levels left

rFire   . . .        x - +2 demon trident (vamp)
rCold   . . .        W - +0 tower shield
rNeg    . . .        R - +2 plate armour {Will+}
rPois   .            (helmet unavailable)
rElec   .            S - +1 cloak {rCorr}
rCorr   +            z - +1 pair of gloves
SInv    +            J - +0 pair of boots
Will    ++...        p - amulet of regeneration Stlth
                     r - +5 ring of evasion
HPRegen 1.23/turn    Y - +4 ring of slaying
MPRegen 0.21/turn

%: no passive effects
@: very slow
A: permanent stasis, dig shafts and tunnels, antennae 3, four strong arms
a: Dig, Shaft Self, Renounce Religion, Bend Time, Temporal Distortion, Slouch,
Step From Time


You were on level 2 of the Orcish Mines.
You worshipped Cheibriados.
Cheibriados was exalted by your worship.
You visited 4 branches of the dungeon, and saw 23 of its levels.
You also visited: Ossuary and Bailey.

You collected 3219 gold pieces.
You spent 1314 gold pieces at shops.

Inventory:

Hand Weapons
 x - a +2 vampiric demon trident (weapon)
 H - a +2 battleaxe of electrocution
 V - a +1 heavy executioner's axe
Missiles
 u - 58 poisoned darts (quivered)
Armour
 z - a +1 pair of gloves (worn)
 J - a +0 pair of boots (worn)
 R - a +2 plate armour of willpower (worn)
 S - a +1 cloak of preservation (worn)
 W - a +0 tower shield (worn)
Jewellery
 a - a ring of magical power
 b - a ring of flight
 g - a ring of wizardry
 h - a ring of positive energy
 m - a ring of poison resistance
 p - an amulet of regeneration (around neck)
 r - a +5 ring of evasion (left hand)
 B - a ring of wizardry
 Y - a +4 ring of slaying (right hand)
Wands
 e - a wand of digging (1)
 o - a wand of flame (50)
 w - a wand of polymorph (14)
 D - a wand of roots (21)
 E - a wand of paralysis (13)
 F - a wand of acid (10)
 L - a wand of mindburst (23)
Scrolls
 c - a scroll of brand weapon
 A - a scroll of enchant armour
 I - 4 scrolls of fear
 K - 5 scrolls of immolation
 P - a scroll of enchant weapon
 T - a scroll of revelation
 U - a scroll of fog
Potions
 d - 6 potions of might
 f - 2 potions of attraction
 i - 2 potions of mutation
 j - a potion of heal wounds
 k - 2 potions of magic
 l - 2 potions of resistance
 s - 3 potions of enlightenment
 v - 6 potions of brilliance
 G - 3 potions of lignification
 M - 3 potions of curing
 N - a potion of invisibility
 O - a potion of ambrosia
Miscellaneous
 n - a lightning rod (4/4)
 t - a phial of floods
 Q - a phantom mirror


   Skills:
 - Level 17.5 Fighting
 - Level 15.7 Axes
 - Level 9.0 Armour
 + Level 15.7 Shields
 - Level 16.0 Invocations


You had 15 spell levels left.
You didn't know any spells.
Your spell library contained the following spells:

 Spells                   Type           Power      Damage    Failure   Level
 Summon Small Mammal      Summ           0%         N/A       71%         1
 Call Canine Familiar     Summ           0%         N/A       97%         3
 Frozen Ramparts          Ice            0%         1d1       97%         3
 Hailstorm                Conj/Ice       0%         3d5       97%         3
 Inner Flame              Hex/Fire       0%         N/A       97%         3
 Summon Ice Beast         Ice/Summ       0%         N/A       97%         3
 Tukima's Dance           Hex            0%         N/A       97%         3
 Dimensional Bullseye     Hex/Tloc       0%         N/A       100%        4
 Flame Wave               Conj/Fire      0%         2d4       100%        4
 Iskenderun's Mystic Bla  Conj/Tloc      0%         2d3       100%        4
 Leda's Liquefaction      Alch/Erth      0%         N/A       100%        4
 Petrify                  Alch/Erth      0%         N/A       100%        4
 Sticky Flame             Fire/Alch      0%         2d4       100%        4
 Summon Blazeheart Golem  Fire/Summ      0%         N/A       100%        4
 Metabolic Englaciation   Hex/Ice        0%         N/A       100%        5
 Sculpt Simulacrum        Ice/Alch       0%         N/A       100%        6


Dungeon Overview and Level Annotations

Branches:
Dungeon (15/15)            Temple (1/1) D:4            Lair (5/5) D:10
 Shoals (0/4) Lair:2        Snake (0/4) Lair:3        Slime (0/5) Lair:5
    Orc (2/2) D:11            Elf (0/3) Orc:2        Vaults (0/5) D:14
 Depths (0/4) D:15        Ossuary (visited)          Bailey (visited)

Altars:
Ashenzari
Cheibriados
Dithmenos
Elyvilon
Fedhas
Gozag
Hepliaklqana
Kikubaaqudgha
Makhleb
Nemelex Xobeh
Okawaru
Qazlal
Ru
Sif Muna
Trog
Uskayaw
Vehumet
Wu Jian
Xom
Yredelemnul
Zin
The Shining One
Jiyva

Shops:
D:9 =   D:11 !   D:13 [   D:14 :   Orc:2 *==[[

Portals:
Hell: Lair:5
Trove: D:10 (give +4 demon blade)

Annotations:
D:8 3 runed translucent doors
D:12 2 transporters, 3 runed translucent doors, Sphara's ghost, journeyman MDWn
D:15 Jorgrun


Innate Abilities, Weirdness & Mutations

You cannot be hasted, slowed, berserked, paralysed or teleported.
You can dig through walls and to a lower floor.
You have a pair of large antennae on your head. (SInv)
Your four strong arms can wield two-handed weapons with a shield.


Message History

The kobold blastminer shoots a bolt.
You block the bolt.
You impale the ogre mage!!
You feel better.
You kill the ogre mage!
Cheibriados appreciates the change of pace.
The kobold blastminer shoots a bolt.
You block the bolt.
You hit the kobold blastminer.
You feel better.
The kobold blastminer is lightly wounded.
The kobold blastminer unwields a +0 arbalest.
You block the kobold blastminer's attack.
The kobold blastminer shoots a bolt.
You block the bolt.
You impale the kobold blastminer!!
The kobold blastminer is heavily wounded.
The kobold blastminer blasts its cannon at you.
You block the iron shot.
The kobold blastminer is knocked back by the blast.
The kobold blastminer shoots a bolt.
The bolt hits you.
* * * LOW HITPOINT WARNING * * *
The kobold blastminer unwields a +0 arbalest.
You block the kobold blastminer's attack.
The kobold blastminer blasts its cannon at you.
The iron shot hits you!
* * * LOW HITPOINT WARNING * * *
You are too injured to fight recklessly!
Press: ? - help, v - describe, . - travel The floor, spattered with blood.
You don't know any spells.
Unknown command.
Unknown command.
Unknown command.
Okay, then.
Reach: x) +2 demon trident (vamp)
Press: ? - help, Dir - move target, f - kobold blastminer
Aim: a kobold blastminer (about 30% to evade your +2 vampiric demon trident)
You impale the kobold blastminer!!
You feel better.
The kobold blastminer is severely wounded.
You block the kobold blastminer's attack.
The kobold blastminer blasts its cannon at you.
The iron shot hits you!!!
You die...
Cheibriados appreciates the motionlessness of death.

......## ...#...#
.......###..#...#
........#...#...#
............#...# ### .
............#...##..##..
............##'##.......
............)))).#......
....).......))))..#.....
.<...........)$)@K.#
...............)........
.............$...K......
........................
........................
........#...............
........................
...............$........


You could see 2 kobold blastminers.

Vanquished Creatures
  Louise (D:14)
  The ghost of GrimJard the Covert, a journeyman GrEE of Gozag (Lair:5)
  The ghost of FlatIsJustice the Fighter, a journeyman FoFi of the Shining One (Lair:1)
  Nessos (D:14)
  Snorg (Lair:4)
  A fire dragon (Lair:3)
  An ice dragon (Lair:4)
  9 centaur warriors
  4 hydras
  2 catoblepae (Lair:5)
  An ogre mage (Orc:2)
  4 two-headed ogres
  A dancing weapon (Lair:5)
  2 sphinx skeletons (D:15)
  10 boulder beetles
  A tengu warrior (D:14)
  6 orc high priests (Orc:2)
  A vampire mage (D:15)
  2 skeletal warriors (D:15)
  A skyshark (Lair:5)
  Amaemon (D:9)
  A sixfirhy (Lair:5)
  A glowing orange brain (Lair:1)
  A lindwurm (D:8)
  An arcanist (Lair:5)
  A deep elf archer (D:14)
  A harpy (shapeshifter) (D:15)
  3 deep elf pyromancers (D:14)
  2 deep elf zephyrmancers (D:14)
  A necromancer (D:15)
  9 orc knights
  An orc sorcerer (Orc:2)
  3 manticores
  5 ugly things
  A salamander (Lair:3)
  A merfolk siren (Lair:2)
  7 cyclopes
  6 elephants
  4 kobold blastminers (Orc:2)
  3 black mambas
  A smoke demon (Lair:5)
  2 torpor snails
  2 gargoyles
  A molten gargoyle (Lair:3)
  3 orange demons
  5 rime drakes
  An unseen horror (D:11)
  9 cane toads
  11 komodo dragons
  3 kobold demonologists
  A tengu conjurer (D:14)
  An efreet (D:14)
  2 red devils (Lair:5)
  2 ice devils (Lair:5)
  A freezing wraith (D:15)
  A queen bee (shapeshifter) (D:13)
  A queen bee (D:9)
  Grinder (D:3)
  13 blink frogs
  A hornet (D:9)
  A spriggan zombie (D:15)
  A jumping spider (D:8)
  11 slime creatures
  3 wraiths
  2 shadows
  5 wyverns
  Grum (D:11)
  2 basilisks
  32 yaks
  A yak (shapeshifter) (D:13)
  3 steam dragons
  A redback (D:8)
  3 vampire mosquitoes (D:14)
  2 wargs
  Edmund (D:4)
  2 nagas (Lair:3)
  An acid dragon (D:11)
  3 hell hounds (Lair:5)
  12 water moccasins
  43 orc warriors
  A swamp drake (D:11)
  3 ice beasts
  3 sky beasts
  A hornet zombie (D:6)
  10 wolves
  3 ogres (Orc:2)
  7 centaurs
  3 phantoms
  10 bullfrogs
  6 kobold brigands
  2 gnoll sergeants
  3 scorpions
  2 wyvern zombies (D:6)
  8 wights
  A burial acolyte (Ossuary)
  19 killer bees
  A howler monkey (D:10)
  2 bullfrog zombies (D:6)
  3 lava snakes (D:8)
  A centaur zombie (D:6)
  3 bombardier beetles (D:4)
  2 hounds
  Crazy Yiuf (D:2)
  25 orc priests
  7 jellies
  7 iguanas
  A sleepcap (D:5)
  16 orc wizards
  Natasha (thrice) (D:4)
  8 gnolls
  5 adders
  2 shadow imps
  4 white imps
  2 adder skeletons (Ossuary)
  A dart slug (D:5)
  A ribbon worm (D:2)
  95 orcs
  9 endoplasms
  2 giant cockroaches (D:4)
  6 goblins
  12 hobgoblins
  2 quokkas
  7 ball pythons
  A ball python skeleton (Ossuary)
  4 bats
  6 frilled lizards
  A hobgoblin skeleton (Ossuary)
  16 kobolds
  4 kobold skeletons (Ossuary)
  2 orc skeletons (Ossuary)
  6 rats
646 creatures vanquished.

Vanquished Creatures (others)
  An orc wizard (D:14)
1 creature vanquished.

Grand Total: 647 creatures vanquished

Notes
Turn   | Place    | Note
-------+----------+-------------------------------------------
     0 | D:1      | Alarak the Formicid Fighter began the quest for the Orb.
     0 | D:1      | Reached XP level 1. HP: 18/18 MP: 1/1
   373 | D:1      | Reached XP level 2. HP: 25/25 MP: 2/2
   459 | D:1      | Reached skill level 4 in Fighting
   772 | D:2      | Reached XP level 3. HP: 30/31 MP: 3/3
  1446 | D:2      | Found a runed translucent door.
  1447 | D:2      | Noticed Crazy Yiuf
  1680 | D:2      | Killed Crazy Yiuf
  1681 | D:2      | Reached skill level 5 in Fighting
  1681 | D:2      | Reached XP level 4. HP: 20/39 MP: 4/4
  2159 | D:3      | Noticed Grinder
  2170 | D:3      | Killed Grinder
  2171 | D:3      | Reached skill level 7 in Fighting
  2171 | D:3      | Reached XP level 5. HP: 44/48 MP: 5/5
  2171 | D:3      | Reached XP level 6. HP: 50/55 MP: 6/6
  2237 | D:3      | Found a bloodstained altar of Trog.
  2261 | D:3      | Found a faded altar of an unknown god.
  2383 | D:3      | Found a burning altar of Makhleb.
  2384 | D:3      | Found a snail-covered altar of Cheibriados.
  2389 | D:3      | Found a sacrificial altar of Ru.
  2391 | D:3      | Became a worshipper of Cheibriados the Contemplative
  2395 | D:3      | Found a shimmering altar of Xom.
  2562 | D:4      | Reached skill level 8 in Fighting
  2562 | D:4      | Reached XP level 7. HP: 62/62 MP: 7/7
  2590 | D:4      | Reached skill level 5 in Shields
  2629 | D:4      | Found a radiant altar of Vehumet.
  2656 | D:4      | Found a white marble altar of Elyvilon.
  2665 | D:4      | Reached * piety under Cheibriados
  2690 | D:4      | Noticed Edmund
  2707 | D:4      | Killed Edmund
  2708 | D:4      | Reached XP level 8. HP: 53/67 MP: 8/8
  2758 | D:4      | Noticed Natasha
  2786 | D:4      | Killed Natasha
  2847 | D:4      | Noticed Natasha
  2853 | D:4      | Killed Natasha
  2856 | D:4      | Noticed Natasha
  2862 | D:4      | Killed Natasha
  3051 | D:4      | Found a staircase to the Ecumenical Temple.
  3203 | D:5      | Entered Level 5 of the Dungeon
  3240 | D:5      | Reached skill level 1 in Invocations
  3271 | D:5      | Reached ** piety under Cheibriados
  3321 | D:5      | Found a sand-covered staircase.
  3330 | Ossuary  | Entered an ossuary
  3466 | Ossuary  | Reached skill level 5 in Invocations
  3479 | Ossuary  | Reached XP level 9. HP: 73/74 MP: 13/13
  4274 | D:6      | Identified a scroll of acquirement
  4274 | D:6      | Acquired a manual of Fighting
  4309 | D:6      | Reached *** piety under Cheibriados
  4310 | D:6      | Reached skill level 9 in Fighting
  4457 | D:6      | Reached skill level 10 in Fighting
  4611 | D:6      | Reached skill level 11 in Fighting
  4717 | D:6      | Reached skill level 12 in Fighting
  5266 | D:7      | Reached skill level 13 in Fighting
  5285 | D:7      | Reached **** piety under Cheibriados
  5313 | D:7      | Reached XP level 10. HP: 93/93 MP: 14/14
  5328 | D:7      | Reached skill level 14 in Fighting
  5919 | D:8      | Found a flagged portal.
  5930 | Bailey   | Entered a bailey
  5937 | Bailey   | Reached skill level 15 in Fighting
  6175 | Bailey   | Reached skill level 16 in Fighting
  6638 | D:8      | Found a sparkling altar of Nemelex Xobeh.
  6708 | D:8      | Reached ***** piety under Cheibriados
  6802 | D:8      | Found a runed translucent door.
  6822 | D:8      | Found a runed translucent gate.
  6823 | D:8      | Identified the +1 whip "Ymauduza" {holy, rPois}
  6823 | D:8      | Noticed a boulder beetle
  6824 | D:8      | Found a runed translucent gate.
  6825 | D:8      | Found a runed translucent gate.
  6825 | D:8      | Found a runed translucent gate.
  6825 | D:8      | Found a runed translucent gate.
  6825 | D:8      | Noticed a lindwurm
  6826 | D:8      | Found a runed translucent gate.
  6826 | D:8      | Noticed a boulder beetle
  6877 | D:8      | Killed a boulder beetle
  6878 | D:8      | Reached skill level 17 in Fighting
  6902 | D:8      | Killed a boulder beetle
  6903 | D:8      | Reached XP level 11. HP: 41/107 MP: 15/15
  7048 | D:9      | Noticed a two-headed ogre
  7057 | D:9      | Killed a two-headed ogre
  7058 | D:9      | Reached skill level 5 in Armour
  7077 | D:9      | Found a hazy altar of Hepliaklqana.
  7078 | D:9      | Found a faded altar of an unknown god.
  7221 | D:9      | Found an opulent altar of Gozag.
  7298 | D:9      | Noticed Amaemon
  7315 | D:9      | Killed Amaemon
  7463 | D:9      | Found Vogheiga's Jewellery Shoppe.
  7840 | D:10     | Entered Level 10 of the Dungeon
  7851 | D:10     | Found a hide-covered altar of Uskayaw.
  8082 | D:10     | Reached ****** piety under Cheibriados
  8130 | D:10     | Found a white marble altar of Elyvilon.
  8148 | D:10     | Reached XP level 12. HP: 114/114 MP: 17/17
  8213 | D:10     | Found a staircase to the Lair.
  8421 | D:10     | Found a broken altar of Ashenzari.
  8484 | D:10     | Found a portal to a secret trove of treasure.
  8513 | D:10     | Found an ornate altar of the Wu Jian Council.
  8556 | D:11     | Found Xehunaost's Distillery.
  8557 | D:11     | Noticed Grum
  8581 | D:10     | Reached skill level 5 in Axes
  8590 | D:11     | Killed Grum
  8616 | D:11     | Noticed a two-headed ogre
  8626 | D:11     | Killed a two-headed ogre
  8664 | D:11     | Found a hide-covered altar of Uskayaw.
  8664 | D:11     | Noticed a +0 hand axe
  8664 | D:11     | Noticed a +0 dagger
  8780 | D:11     | Noticed a boulder beetle
  8807 | D:11     | Killed a boulder beetle
  8975 | D:11     | Found a staircase to the Orcish Mines.
  9654 | D:12     | Noticed a boulder beetle
  9668 | D:12     | Killed a boulder beetle
  9718 | D:12     | Reached skill level 10 in Shields
  9764 | D:12     | Found a transporter.
  9768 | D:12     | Found a transporter.
  9797 | D:12     | Found a transporter.
  9846 | D:12     | Found a runed translucent gate.
  9847 | D:12     | Found a runed translucent gate.
  9848 | D:12     | Found a runed translucent gate.
  9849 | D:12     | Noticed Sphara's ghost (journeyman MDWn)
 10032 | D:12     | Noticed a boulder beetle
 10045 | D:12     | Killed a boulder beetle
 10056 | D:12     | Reached XP level 13. HP: 116/121 MP: 18/18
 10090 | D:12     | Found a transporter.
 10344 | Lair:1   | Entered Level 1 of the Lair of Beasts
 10948 | Lair:1   | Found a runed translucent gate.
 10949 | Lair:1   | Found a runed translucent gate.
 10950 | Lair:1   | Found a runed translucent gate.
 10950 | Lair:1   | Noticed FlatIsJustice's ghost (journeyman FoFi)
 10954 | Lair:1   | Found a viscous altar of Jiyva.
 11127 | Lair:1   | Reached skill level 10 in Axes
 11379 | Lair:1   | Killed FlatIsJustice's ghost
 11788 | Lair:2   | Found a staircase to the Shoals.
 12525 | Lair:3   | Noticed a fire dragon
 12677 | Lair:3   | Noticed a five-headed hydra
 12704 | Lair:3   | Killed a five-headed hydra
 13162 | Lair:3   | Reached XP level 14. HP: 128/128 MP: 19/19
 13171 | Lair:3   | Found a staircase to the Snake Pit.
 13719 | Lair:4   | Noticed Snorg
 13725 | Lair:4   | Killed Snorg
 13753 | Lair:4   | HP: 4/128 [ice dragon (10)]
 14296 | Lair:5   | Entered Level 5 of the Lair of Beasts
 14498 | Lair:5   | Reached skill level 10 in Invocations
 14602 | Lair:5   | Found a burning altar of Makhleb.
 14747 | Lair:5   | Found a gateway to Hell.
 15020 | Lair:5   | Found a runed translucent door.
 15020 | Lair:5   | Found a shimmering altar of Xom.
 15020 | Lair:5   | Noticed GrimJard's ghost (journeyman GrEE)
 15088 | Lair:5   | Found a staircase to the Slime Pits.
 15384 | Lair:5   | Found a viscous altar of Jiyva.
 15625 | Lair:5   | Killed GrimJard's ghost
 15778 | Orc:1    | Entered Level 1 of the Orcish Mines
 15937 | Orc:2    | Entered Level 2 of the Orcish Mines
 15986 | Orc:2    | Reached XP level 15. HP: 114/134 MP: 23/25
 16039 | Orc:2    | Found a staircase to the Elven Halls.
 16435 | Orc:2    | Found Deogonn's Armour Emporium.
 16756 | Orc:2    | Reached skill level 15 in Invocations
 16834 | Orc:2    | Found Ceahom's Antique Armour Boutique.
 16834 | Orc:2    | Found Kufah's Jewellery Boutique.
 16835 | Orc:2    | Found Emeusmoh's Jewellery Shop.
 16835 | Orc:2    | Found Xolus's Assorted Antiques.
 16850 | Orc:2    | Bought a distressingly furry cloak for 275 gold pieces
 16850 | Orc:2    | Identified the +0 cloak of Fioroix {*Slow rN+ Slay+3} (You
                  | bought it in a shop on level 2 of the Orcish Mines)
 16857 | Orc:2    | Bought a runed executioner's axe for 416 gold pieces
 16982 | D:11     | Bought a potion of resistance for 130 gold pieces
 16982 | D:11     | Bought a potion of heal wounds for 65 gold pieces
 16982 | D:11     | Bought a potion of curing for 39 gold pieces
 16982 | D:11     | Bought a potion of invisibility for 104 gold pieces
 16982 | D:11     | Bought a potion of heal wounds for 65 gold pieces
 17120 | Temple   | Entered the Ecumenical Temple
 17361 | D:13     | Found Gioj's Armour Emporium.
 18228 | D:14     | Found a gate to the Vaults.
 18542 | D:14     | Reached skill level 15 in Axes
 18559 | D:14     | Noticed Nessos
 18586 | D:14     | Killed Nessos
 18744 | D:14     | Noticed Louise
 18749 | D:14     | Killed Louise
 18976 | D:14     | Found Wiluegiq's Book Shop.
 19313 | D:15     | Entered Level 15 of the Dungeon
 19428 | D:15     | Noticed Jorgrun
 19473 | D:15     | Reached XP level 16. HP: 136/141 MP: 28/28
 19580 | D:14     | Acquired 996 gold pieces
 19936 | D:15     | Found a staircase to the Depths.
 20036 | D:15     | Found a shadowy altar of Dithmenos.
 20322 | D:9      | Bought a ring of poison resistance for 220 gold pieces
 20397 | Orc:2    | Reached skill level 15 in Shields
 20432 | Orc:2    | Killed from afar by a kobold blastminer

Illustrated notes

Levels and vault maps discovered:
D:1:      lightli_arrival_noodles, layout_loops_cross,
          wander_ebering_terrifying_dragon_lair
D:2:      layout_loops_ring, serial_bayou, serial_bayou_lagoon_b,
          serial_bayou_lake_a, serial_bayou_pond_c, serial_bayou_shore_a,
          grunt_decor_cap, uniq_crazy_yiuf_cottage
D:3:      layout_basic, nicolae_overflow_macrodata_refinement,
          mainiacjoe_overflow_alcove_1, nicolae_ecumenical_oubliette,
          hangedman_decor_points, uniq_grinder
D:4:      layout_cave_pools, vehumet_altar_wand_db, temple_doors_e,
          minmay_ruined_shrine, uniq_natasha, uniq_edmund
D:5:      layout_rooms, serial_aquarium, aquarium_bridge_square
          [aquarium_subvault_window, aquarium_subvault_bridge,
          aquarium_subvault_bridge, aquarium_subvault_bridge],
          aquarium_window_fake, aquarium_window_fake, aquarium_view_2d,
          aquarium_balcony_double_1, enter_ossuary_1, nrook_campfire,
          minmay_misc_feat_ornament
D:6:      layout_gridville, serial_undead, serial_undead_c, serial_undead_b,
          serial_undead_c, serial_undead_c, serial_undead_a
D:7:      layout_basic, minmay_splitting_lines
D:8:      gammafunk_indiana_jones, layout_basic,
          nemelex_xobeh_ov_fountains_minmay, enter_bailey_2
D:9:      layout_cave_pools, beargit_hepliaklqana_dungeon_heroes,
          grunt_gozag_statues, serial_column_ruins,
          column_ruins_courtyard_long_water, column_ruins_grid_1,
          column_ruins_open_tiny, column_ruins_columns_straight,
          column_ruins_open_tiny, column_ruins_open_medium,
          column_ruins_open_small, serial_shops, nicolae_diamond_shop,
          nicolae_looking_at_the_future, uniq_amaemon
D:10:     layout_cave_pools, mainiacjoe_overflow_concentric_impassable,
          mainiacjoe_overflow_chevrons, mainiacjoe_overflow_cross_hatched,
          nicolae_ashenzari_skybound, erik_lair_orcish_takeover,
          nicolae_trove_entry_columns
D:11:     layout_cave_pools, erik_orc_1, serial_shops, shop_fountains,
          dancing_weapons_uskayaw, uniq_grum
D:12:     layout_cross, gammafunk_ghost_nasty_kobolds,
          nicolae_diode_intersection
D:13:     layout_gridville, serial_shops, nicolae_shop_window_shopping,
          minmay_crystal_room
D:14:     layout_gridville, hangedman_vaults_entry_quadrant_bands, serial_shops,
          nicolae_shop_rolling_square, nicolae_triple_integral,
          grunt_decor_junction, uniq_nessos, uniq_louise
D:15:     gammafunk_depths_entry_grave, layout_rooms,
          nicolae_dithmenos_shadow_blocks, minmay_misc_feat_nine_boxes,
          lightli_fourway_metalbox, uniq_jorgrun
Temple:   hellmonk_temple_rainy
Lair:1:   layout_concentric_octagons, gammafunk_ghost_ooze
Lair:2:   layout_chaotic_city, minmay_shoals_entry_lonely_mermaid,
          serial_forest, infiniplex_forest_lined_1,
          infiniplex_forest_lined_room_2, infiniplex_forest_clump_tiny,
          infiniplex_forest_clump_small, infiniplex_forest_corner_1,
          infiniplex_forest_lined_3, infiniplex_forest_pool,
          infiniplex_forest_zigzag_2
Lair:3:   dragon1_lemuel, layout_regular_city, alex1729_snake_entry_snake,
          infiniplex_staircase_pool_2
Lair:4:   layout_cave_shapes, bobbens_ice_dragon_lair, uniq_snorg
Lair:5:   evil_forest, layout_regular_city, nicolae_slime_entry_field_trip,
          ebering_ghost_xom, serial_forest, infiniplex_forest_clump_small,
          infiniplex_forest_straight_2, infiniplex_forest_clump_cross,
          infiniplex_forest_lined_3, infiniplex_forest_clump_large,
          infiniplex_forest_lined_2, infiniplex_forest_end_2,
          infiniplex_forest_zigzag_1, nicolae_lair_lil_pond
Orc:1:    layout_caves
Orc:2:    st_orc_pillars, layout_caves, serial_shops, nicolae_shop_peninsula,
          minmay_orc_barracks

Skill      XL: |  1  2  3  4  5  6  7  8  9 10 11 12 13 14 15 16 |
---------------+-------------------------------------------------+-----
Fighting       | 4 5 7 8 13 17 | 17.5
Shields        | 7 9 11 12 15 | 15.7
Invocations    | 6 7 13 16 | 16.0
Armour         | 4 9 |  9.0
Axes           | 3 9 13 14 15 | 15.7

Action                     |  1- 3 |  4- 6 |  7- 9 | 10-12 | 13-15 | 16-18 || total
---------------------------+-------+-------+-------+-------+-------+-------++-------
  Melee: War axe           |    81 |    18 |    47 |       |       |       ||   146
         Quarterstaff      |       |    36 |       |       |       |       ||    36
         Flail             |       |       |   290 |   130 |       |       ||   420
         Great sword       |       |       |       |   215 |       |       ||   215
         Battleaxe         |       |       |       |   152 |   646 |    87 ||   885
         Demon whip        |       |       |       |       |    10 |       ||    10
         Demon trident     |       |       |       |       |   103 |    32 ||   135
         Executioner's axe |       |       |       |       |     7 |       ||     7
 Invoke: Bend Time         |       |       |       |     2 |     2 |       ||     4
         Step From Time    |       |       |       |       |     3 |       ||     3
         Slouch            |       |       |       |       |     2 |       ||     2
         Temporal Distorti |       |       |       |       |     1 |       ||     1
Ability: Dig               |       |     1 |     6 |     3 |     5 |       ||    15
  Evoke: Wand              |       |       |     3 |       |       |       ||     3
    Use: Scroll            |     4 |     2 |    13 |     5 |     9 |     1 ||    34
         Potion            |       |       |       |     3 |    11 |       ||    14
   Stab: Distracted        |       |       |       |       |     1 |       ||     1
         Invisible         |       |       |       |       |     4 |       ||     4
 Armour: Scale mail        |    44 |    40 |   151 |       |       |       ||   235
         Skin              |       |       |     6 |       |       |       ||     6
         Plate armour      |       |       |    28 |   444 |   565 |    94 ||  1131
  Dodge: Dodged            |    33 |    22 |   235 |   392 |   207 |    59 ||   948
  Block: Buckler           |    15 |    13 |   135 |   102 |       |       ||   265
         Kite shield       |       |       |       |   444 |   557 |       ||  1001
         Tower shield      |       |       |       |       |    67 |   225 ||   292

Table legend: (Time is in decaauts)
 A = Elapsed time spent in this place.
 B = Non-inter-level travel time spent in this place.
 C = Inter-level travel time spent in this place.
 D = Time resting spent in this place.
 E = Time spent auto-exploring this place.
 F = Levels seen in this place.
 G = Mean time per level.
                   A        B        C        D        E       F      G
               +--------+--------+--------+--------+--------+-----+--------+
         Total |  32514 |  28135 |   4379 |   1692 |  20419 |  25 | 1300.6 |
       Dungeon |  20212 |  17033 |   3179 |    931 |  12316 |  15 | 1347.5 |
        Temple |      1 |      0 |      1 |      0 |      0 |   1 |    1.0 |
          Lair |   9485 |   8676 |    809 |    416 |   7021 |   5 | 1897.0 |
  Orcish Mines |   1852 |   1464 |    388 |    345 |    536 |   2 |  926.0 |
       Ossuary |    398 |    398 |      0 |      0 |    265 |   1 |  398.0 |
        Bailey |    565 |    565 |      0 |      0 |    281 |   1 |  565.0 |
               +--------+--------+--------+--------+--------+-----+--------+

Top non-repeatable levels by time:
  Lair:1: 2521 daAuts
  Lair:5: 2229 daAuts
  Lair:3: 2036 daAuts
    D:14: 2034 daAuts
    D:10: 1816 daAuts
     D:9: 1535 daAuts
    D:12: 1530 daAuts
     D:8: 1513 daAuts
   Orc:2: 1510 daAuts
    D:13: 1460 daAuts
    D:11: 1442 daAuts
     D:6: 1436 daAuts
  Lair:2: 1414 daAuts
     D:7: 1306 daAuts
    D:15: 1289 daAuts
